| TOP OF THE 1ST |
|
Great Falls Voyagers batting - Pitching for Princeton Rays : RHP Chris Harman
|
|
Pitching: RHP Chris Harman
|
|
|
Batting: SHB Jay Gagnon
|
0-0: Called Strike 0-1: Ball 1-1: Swinging Strike 1-2: Ball 2-2: Fly out, F7 (Flyball, 7D, EV 106.9 MPH)
|
|
Batting: RHB Mike Rosa
|
0-0: Ball 1-0: Fly out, F8 (Flyball, 89M, EV 74.4 MPH)
|
|
Batting: RHB Duncan Collins
|
0-0: Called Strike 0-1: Foul Ball, location: 2F 0-2: Foul Ball, location: 2F 0-2: Ball 1-2: Foul Ball, location: 2F 1-2: Ball 2-2: Ball 3-2: Ground out 5-3 (Groundball, 5L, EV 101.2 MPH)
|
| Top of the 1st over - 0 runs, 0 hits, 0 errors, 0 left on base; Great Falls 0 - Princeton 0 |
| BOTTOM OF THE 1ST |
|
Princeton Rays batting - Pitching for Great Falls Voyagers : LHP Matt Schwartz
|
|
Pitching: LHP Matt Schwartz
|
|
|
Batting: SHB Joshua Jackson
|
0-0: Foul Ball, location: 2F 0-1: SINGLE (Line Drive, 89S, EV 100.6 MPH)
|
|
Batting: LHB Jonathan Spino
|
0-0: Ball Joshua Jackson is caught stealing 2nd base 2-6 1-0: Foul Ball, location: 2F 1-1: Foul Ball, location: 2F 1-2: Strikes out looking
|
|
Batting: RHB Alex Diaz
|
0-0: Foul Ball, location: 2F 0-1: Swinging Strike 0-2: Ball 1-2: Foul Ball, location: 2F 1-2: Foul Ball, location: 2F 1-2: Fly out, F9 (Flyball, 89M, EV 93.1 MPH)
|
| Bottom of the 1st over - 0 runs, 1 hit, 0 errors, 0 left on base; Great Falls 0 - Princeton 0 |
| TOP OF THE 2ND |
|
Great Falls Voyagers batting - Pitching for Princeton Rays : RHP Chris Harman
|
|
Batting: RHB Andy Cotton
|
0-0: Called Strike 0-1: Ball 1-1: Ball 2-1: Foul Ball, location: 2F 2-2: Ball 3-2: Foul Ball, location: 2F 3-2: Base on Balls
|
|
Batting: RHB Mitch Cuadros
|
0-0: Ball 1-0: Called Strike 1-1: Ball 2-1: Called Strike 2-2: Ball 3-2: SINGLE (Line Drive, 7LS, EV 93.1 MPH) Andy Cotton to second Andy Cotton to third
|
|
Batting: RHB David Rhodes
|
0-0: Grounds into double play, 3-6-1 (Groundball, 3, EV 83.1 MPH) Andy Cotton scores
|
|
Batting: RHB Tommy Ellington
|
0-0: Ball 1-0: Called Strike 1-1: Ball 2-1: Ground out 5-3 (Groundball, 56, EV 79.4 MPH)
|
| Top of the 2nd over - 1 run, 1 hit, 0 errors, 0 left on base; Great Falls 1 - Princeton 0 |
| BOTTOM OF THE 2ND |
|
Princeton Rays batting - Pitching for Great Falls Voyagers : LHP Matt Schwartz
|
|
Batting: LHB Rich Matthews
|
0-0: Ball 1-0: Ball 2-0: Fly out, F7 (Flyball, 7LM, EV 96.2 MPH)
|
|
Batting: RHB John Downing
|
0-0: Ball 1-0: Called Strike 1-1: Foul Ball, location: 2F 1-2: Ball 2-2: Foul Ball, location: 2F 2-2: Ball 3-2: Ground out U3 (Groundball, 13, EV 85.0 MPH)
|
|
Batting: RHB Roberto Aispuro
|
0-0: Swinging Strike 0-1: Ball 1-1: Ball 2-1: Swinging Strike 2-2: Strikes out swinging
|
| Bottom of the 2nd over - 0 runs, 0 hits, 0 errors, 0 left on base; Great Falls 1 - Princeton 0 |
| TOP OF THE 3RD |
|
Great Falls Voyagers batting - Pitching for Princeton Rays : RHP Chris Harman
|
|
Batting: SHB Jose Romo
|
0-0: Swinging Strike 0-1: Foul Ball, location: 2F 0-2: Ground out 4-3 (Groundball, 34, EV 92.5 MPH)
|
|
Batting: RHB Billy Grubbs
|
0-0: SINGLE (Line Drive, 78M, EV 104.4 MPH)
|
|
Batting: SHB Jay Gagnon
|
0-0: Called Strike Billy Grubbs steals 2nd base 0-1: Ball 1-1: Swinging Strike 1-2: Foul Ball, location: 2F 1-2: Foul Ball, location: 2F 1-2: Foul Ball, location: 2F 1-2: TRIPLE (Line Drive, 9LD, EV 111.2 MPH) Billy Grubbs scores
|
|
Batting: RHB Mike Rosa
|
0-0: Called Strike 0-1: Ball 1-1: Ball 2-1: Foul Ball, location: 2F 2-2: Ball 3-2: Base on Balls
|
|
Batting: RHB Duncan Collins
|
0-0: Ball Mike Rosa steals 2nd base 1-0: Ball 2-0: Foul Ball, location: 2F 2-1: Ball 3-1: Called Strike 3-2: Base on Balls
|
|
Batting: RHB Andy Cotton
|
0-0: Ball 1-0: Ball 2-0: Called Strike 2-1: Swinging Strike 2-2: Strikes out swinging
|
|
Batting: RHB Mitch Cuadros
|
0-0: Ball 1-0: Swinging Strike 1-1: Ground out 2-3 (Groundball, 15S, EV 63.8 MPH)
|
| Top of the 3rd over - 1 run, 2 hits, 0 errors, 3 left on base; Great Falls 2 - Princeton 0 |
| BOTTOM OF THE 3RD |
|
Princeton Rays batting - Pitching for Great Falls Voyagers : LHP Matt Schwartz
|
|
Batting: LHB Sean Banks
|
0-0: Ball 1-0: Foul Ball, location: 2F 1-1: Foul Ball, location: 2F 1-2: SINGLE (Line Drive, 89S, EV 90.0 MPH)
|
|
Batting: RHB Gabe Higley
|
0-0: Called Strike Sean Banks is caught stealing 2nd base 2-4 0-1: Ball 1-1: SOLO HOME RUN (Line Drive, 7D, EV 103.8 MPH), Distance : 381 ft
|
|
Batting: RHB Adam Turpin
|
0-0: Called Strike 0-1: Swinging Strike 0-2: Foul Ball, location: 2F 0-2: Foul Ball, location: 2F 0-2: Ball 1-2: Ground out 5-3 (Groundball, 56S, EV 82.5 MPH)
|
|
Batting: SHB Joshua Jackson
|
0-0: Called Strike 0-1: Swinging Strike 0-2: Foul Ball, location: 2F 0-2: Ball 1-2: Foul Ball, location: 2F 1-2: Ball 2-2: SINGLE (Groundball, 4MD, EV 95.0 MPH)
|
|
Batting: LHB Jonathan Spino
|
0-0: Ball 1-0: SINGLE (Groundball, 4MD, EV 104.4 MPH) Joshua Jackson to second Throwing error, E8 Joshua Jackson scores Jonathan Spino to second
|
|
Batting: RHB Alex Diaz
|
0-0: Foul Ball, location: 2F 0-1: Swinging Strike 0-2: Strikes out looking
|
| Bottom of the 3rd over - 2 runs, 4 hits, 1 error, 1 left on base; Great Falls 2 - Princeton 2 |
| TOP OF THE 4TH |
|
Great Falls Voyagers batting - Pitching for Princeton Rays : RHP Chris Harman
|
|
Batting: RHB David Rhodes
|
0-0: Ball 1-0: Called Strike 1-1: Reached on error, E1 (Groundball, 15, EV 75.6 MPH)
|
|
Batting: RHB Tommy Ellington
|
0-0: Ball 1-0: SINGLE (Groundball, 5D, EV 106.2 MPH) David Rhodes to second
|
|
Batting: SHB Jose Romo
|
0-0: Foul Ball, location: 2F 0-1: 3-RUN HOME RUN (Flyball, 9LD, EV 93.1 MPH), Distance : 339 ft
|
|
Pitching: RHP Eddie Aguirre
|
|
|
Batting: RHB Billy Grubbs
|
0-0: Called Strike 0-1: Foul Ball, location: 2F 0-2: Ball 1-2: Foul Ball, location: 2F 1-2: Strikes out looking
|
|
Batting: SHB Jay Gagnon
|
0-0: Ball 1-0: Called Strike 1-1: Called Strike 1-2: Strikes out swinging
|
|
Batting: RHB Mike Rosa
|
0-0: Called Strike 0-1: Called Strike 0-2: Foul Ball, location: 2F 0-2: Strikes out looking
|
| Top of the 4th over - 3 runs, 2 hits, 1 error, 0 left on base; Great Falls 5 - Princeton 2 |
| BOTTOM OF THE 4TH |
|
Princeton Rays batting - Pitching for Great Falls Voyagers : LHP Matt Schwartz
|
|
Batting: LHB Rich Matthews
|
0-0: Swinging Strike 0-1: Called Strike 0-2: Ball 1-2: Ball 2-2: Ball 3-2: Base on Balls
|
|
Batting: RHB John Downing
|
0-0: Ball 1-0: Called Strike 1-1: Ball 2-1: Foul Ball, location: 2F 2-2: Foul Ball, location: 2F 2-2: Fielders Choice at 2nd, 5-4 (Groundball, 5, EV 78.8 MPH)
|
|
Batting: RHB Roberto Aispuro
|
0-0: Swinging Strike 0-1: Ball 1-1: SINGLE (Line Drive, 89S, EV 92.5 MPH) John Downing to second Runner from 2nd tries for 3rd, SAFE, throw by RF made to third
|
|
Batting: LHB Sean Banks
|
0-0: Called Strike 0-1: Ball 1-1: Foul Ball, location: 2F 1-2: Strikes out looking Roberto Aispuro steals 2nd base Batter strikes out.
|
|
Batting: RHB Gabe Higley
|
0-0: Ball 1-0: Ball 2-0: Called Strike 2-1: Foul Ball, location: 2F 2-2: Fly out, F7 (Flyball, 78M, EV 80.6 MPH)
|
| Bottom of the 4th over - 0 runs, 1 hit, 0 errors, 2 left on base; Great Falls 5 - Princeton 2 |
| TOP OF THE 5TH |
|
Great Falls Voyagers batting - Pitching for Princeton Rays : RHP Eddie Aguirre
|
|
Batting: RHB Duncan Collins
|
0-0: Swinging Strike 0-1: Ball 1-1: Called Strike 1-2: Strikes out looking
|
|
Batting: RHB Andy Cotton
|
0-0: Called Strike 0-1: Ball 1-1: Called Strike 1-2: Ball 2-2: Strikes out looking
|
|
Batting: RHB Mitch Cuadros
|
0-0: Called Strike 0-1: Foul Ball, location: 2F 0-2: Foul Ball, location: 2F 0-2: Ball 1-2: Ball 2-2: Fly out, F8 (Line Drive, 89M, EV 106.2 MPH)
|
| Top of the 5th over - 0 runs, 0 hits, 0 errors, 0 left on base; Great Falls 5 - Princeton 2 |
| BOTTOM OF THE 5TH |
|
Princeton Rays batting - Pitching for Great Falls Voyagers : LHP Matt Schwartz
|
|
Pitching: RHP Ivan Gaona
|
|
|
Batting: RHB Adam Turpin
|
0-0: Called Strike 0-1: Foul Ball, location: 2F 0-2: Ball 1-2: Strikes out swinging
|
|
Batting: SHB Joshua Jackson
|
0-0: Ball 1-0: Ball 2-0: Ball 3-0: Called Strike 3-1: SOLO HOME RUN (Flyball, 9LD, EV 91.9 MPH), Distance : 339 ft
|
|
Batting: LHB Jonathan Spino
|
0-0: Ball 1-0: Foul Ball, location: 2F 1-1: Foul Ball, location: 2F 1-2: Ball 2-2: Ball 3-2: Foul Ball, location: 2F 3-2: Ground out 6-3 (Groundball, 6, EV 86.9 MPH)
|
|
Batting: RHB Alex Diaz
|
0-0: Ball 1-0: Ball 2-0: Foul Ball, location: 2F 2-1: Ground out 5-3 (Groundball, 56S, EV 81.2 MPH)
|
| Bottom of the 5th over - 1 run, 1 hit, 0 errors, 0 left on base; Great Falls 5 - Princeton 3 |
| TOP OF THE 6TH |
|
Great Falls Voyagers batting - Pitching for Princeton Rays : RHP Eddie Aguirre
|
|
Batting: RHB David Rhodes
|
0-0: Reached on error, E6 (Groundball, 6, EV 83.8 MPH)
|
|
Batting: RHB Tommy Ellington
|
0-0: Ball 1-0: Ball 2-0: Called Strike 2-1: Ball Passed Ball! David Rhodes to second 3-1: Base on Balls
|
|
Batting: SHB Jose Romo
|
0-0: SINGLE (Groundball, 25, EV 75.0 MPH) (infield hit) David Rhodes to third Tommy Ellington to second
|
|
Batting: RHB Billy Grubbs
|
0-0: Ball 1-0: Ball 2-0: Called Strike 2-1: Ball 3-1: Called Strike 3-2: Grounds into fielders choice 4-2 (Groundball, 4, EV 86.2 MPH) Tommy Ellington to third Jose Romo to second
|
|
Batting: SHB Jay Gagnon
|
0-0: Called Strike 0-1: Ball 1-1: Ball 2-1: Ball 3-1: Base on Balls Tommy Ellington scores Jose Romo to third Billy Grubbs to second
|
|
Batting: RHB Mike Rosa
|
0-0: Ball Wild Pitch! Jose Romo scores Billy Grubbs to third Jay Gagnon to second 1-0: Called Strike 1-1: Foul Ball, location: 2F 1-2: Strikes out swinging
|
|
Batting: RHB Duncan Collins
|
0-0: Ball 1-0: Called Strike 1-1: Called Strike 1-2: Foul Ball, location: 2F 1-2: Ball 2-2: Foul Ball, location: 2F 2-2: 3-RUN HOME RUN (Flyball, 7D, EV 96.9 MPH), Distance : 366 ft
|
|
Batting: RHB Andy Cotton
|
0-0: Swinging Strike 0-1: Ball 1-1: Foul Ball, location: 2F 1-2: Strikes out swinging
|
| Top of the 6th over - 5 runs, 2 hits, 1 error, 0 left on base; Great Falls 10 - Princeton 3 |
| BOTTOM OF THE 6TH |
|
Princeton Rays batting - Pitching for Great Falls Voyagers : RHP Ivan Gaona
|
|
Batting: LHB Rich Matthews
|
0-0: Foul Ball, location: 2F 0-1: Ball 1-1: Swinging Strike 1-2: Ball 2-2: Fly out, F9 (Flyball, 89D, EV 103.1 MPH)
|
|
Batting: RHB John Downing
|
0-0: SOLO HOME RUN (Flyball, 7D, EV 95.0 MPH), Distance : 362 ft
|
|
Batting: RHB Roberto Aispuro
|
0-0: Foul Ball, location: 2F 0-1: Foul Ball, location: 2F 0-2: Ball 1-2: Ball 2-2: Foul Ball, location: 2F 2-2: Foul Ball, location: 2F 2-2: Ball 3-2: Ground out 4-3 (Groundball, 4, EV 84.4 MPH)
|
|
Pitching: LHP Ray Sowers
|
|
|
Batting: LHB Sean Banks
|
0-0: Called Strike 0-1: Ball 1-1: Ball 2-1: Ball 3-1: Swinging Strike 3-2: Base on Balls
|
|
Batting: RHB Gabe Higley
|
0-0: Ball 1-0: Foul Ball, location: 2F 1-1: Swinging Strike 1-2: Ball 2-2: Fly out, F8 (Flyball, 8RS, EV 85.6 MPH)
|
| Bottom of the 6th over - 1 run, 1 hit, 0 errors, 1 left on base; Great Falls 10 - Princeton 4 |
| TOP OF THE 7TH |
|
Great Falls Voyagers batting - Pitching for Princeton Rays : RHP Eddie Aguirre
|
|
Pitching: RHP Joey Morrison
|
|
|
Batting: RHB Mitch Cuadros
|
0-0: Foul Ball, location: 2F 0-1: Ball 1-1: Called Strike 1-2: SINGLE (Line Drive, 7S, EV 90.0 MPH)
|
|
Batting: RHB David Rhodes
|
0-0: Foul Ball, location: 2F 0-1: Ball 1-1: Foul Ball, location: 2F 1-2: Foul Ball, location: 2F 1-2: Ball 2-2: Grounds into double play, 5-4-3 (Groundball, 5, EV 89.4 MPH)
|
|
Batting: RHB Tommy Ellington
|
0-0: Swinging Strike 0-1: Ball 1-1: Called Strike 1-2: Ball 2-2: Strikes out swinging
|
| Top of the 7th over - 0 runs, 1 hit, 0 errors, 0 left on base; Great Falls 10 - Princeton 4 |
| BOTTOM OF THE 7TH |
|
Princeton Rays batting - Pitching for Great Falls Voyagers : LHP Ray Sowers
|
|
Batting: RHB Adam Turpin
|
0-0: Ball 1-0: Ball 2-0: Ball 3-0: Base on Balls
|
|
Batting: SHB Joshua Jackson
|
0-0: Called Strike 0-1: Ball 1-1: Ball 2-1: Foul Ball, location: 2F 2-2: SINGLE (Groundball, 5S, EV 74.4 MPH) (infield hit) Adam Turpin to second
|
|
Pinch Hitting: RHB Jim Erdody
|
0-0: Called Strike 0-1: Foul Ball, location: 2F 0-2: Grounds into double play, 5-4-3 (Groundball, 56, EV 107.5 MPH) Adam Turpin to third
|
|
Batting: RHB Alex Diaz
|
0-0: Ball 1-0: Ball 2-0: Ball 3-0: Base on Balls
|
|
Batting: LHB Rich Matthews
|
0-0: Swinging Strike 0-1: Ball 1-1: Ball 2-1: Ball 3-1: Ground out 4-3 (Groundball, 4, EV 99.4 MPH)
|
| Bottom of the 7th over - 0 runs, 1 hit, 0 errors, 2 left on base; Great Falls 10 - Princeton 4 |
| TOP OF THE 8TH |
|
Great Falls Voyagers batting - Pitching for Princeton Rays : RHP Joey Morrison
|
|
Now in CF: Berthold Frey
|
|
|
Batting: SHB Jose Romo
|
0-0: Ball 1-0: Ball 2-0: Swinging Strike 2-1: Ball 3-1: Called Strike 3-2: Base on Balls
|
|
Batting: RHB Billy Grubbs
|
0-0: Ball Jose Romo steals 2nd base 1-0: Ball 2-0: Ball 3-0: Base on Balls
|
|
Batting: SHB Jay Gagnon
|
0-0: Called Strike 0-1: Ball 1-1: Swinging Strike 1-2: Ball 2-2: Foul Ball, location: 2F 2-2: Foul Ball, location: 2F 2-2: Foul Ball, location: 2F 2-2: Strikes out swinging
|
|
Pitching: LHP Dave Lindsay
|
|
|
Batting: RHB Mike Rosa
|
0-0: Foul Ball, location: 2F 0-1: Ball 1-1: Ball 2-1: Fly out, F7 (Flyball, 7, EV 88.8 MPH)
|
|
Batting: RHB Duncan Collins
|
0-0: Fly out, F6 (Popup, 4S, EV 76.9 MPH)
|
| Top of the 8th over - 0 runs, 0 hits, 0 errors, 2 left on base; Great Falls 10 - Princeton 4 |
| BOTTOM OF THE 8TH |
|
Princeton Rays batting - Pitching for Great Falls Voyagers : LHP Ray Sowers
|
|
Batting: RHB John Downing
|
0-0: Ball 1-0: Ball 2-0: Ball 3-0: Base on Balls
|
|
Pitching: RHP Chris Worster
|
|
|
Batting: RHB Roberto Aispuro
|
0-0: Called Strike 0-1: Ball 1-1: Called Strike 1-2: Strikes out swinging
|
|
Batting: LHB Sean Banks
|
0-0: Called Strike 0-1: TRIPLE (Flyball, 78XD, EV 99.4 MPH) John Downing scores
|
|
Pinch Hitting: LHB Oscar Curiel
|
0-0: Ball Wild Pitch! Sean Banks scores 1-0: Ball 2-0: Ball 3-0: Base on Balls
|
|
Batting: RHB Adam Turpin
|
|
|
Pinch Hitting: SHB Ray Luna
|
0-0: Ball 1-0: Grounds into double play, 4-6-3 (Groundball, 34S, EV 81.2 MPH)
|
| Bottom of the 8th over - 2 runs, 1 hit, 0 errors, 0 left on base; Great Falls 10 - Princeton 6 |
| TOP OF THE 9TH |
|
Great Falls Voyagers batting - Pitching for Princeton Rays : LHP Dave Lindsay
|
|
Pitching: RHP David Espinosa
|
|
|
Now at 2B: Dave Northam
|
|
|
Now at SS: Joshua Jackson
|
|
|
Now in RF: Oscar Curiel
|
|
|
Batting: RHB Andy Cotton
|
0-0: Ground out 5-3 (Groundball, 56, EV 81.9 MPH)
|
|
Batting: RHB Mitch Cuadros
|
0-0: Ball 1-0: Ground out 5-3 (Groundball, 15, EV 86.2 MPH)
|
|
Batting: RHB David Rhodes
|
0-0: Called Strike 0-1: Ball 1-1: Foul Ball, location: 2F 1-2: Ball 2-2: Ball 3-2: Strikes out swinging
|
| Top of the 9th over - 0 runs, 0 hits, 0 errors, 0 left on base; Great Falls 10 - Princeton 6 |
| BOTTOM OF THE 9TH |
|
Princeton Rays batting - Pitching for Great Falls Voyagers : RHP Chris Worster
|
|
Pitching: RHP Alec Guglielmo
|
|
|
Now in RF: Jeff Alphonso
|
|
|
Batting: SHB Joshua Jackson
|
0-0: Ball 1-0: Ball 2-0: Ball 3-0: Base on Balls
|
|
Batting: SHB Berthold Frey
|
0-0: Ball 1-0: Ball Pickoff Throw to First - Out! 1-3 CS 2-0: DOUBLE (Flyball, 78XD, EV 100.6 MPH)
|
|
Batting: RHB Alex Diaz
|
0-0: Ball 1-0: Called Strike 1-1: Ball 2-1: Called Strike 2-2: Foul Ball, location: 2F 2-2: Foul Ball, location: 2F 2-2: Strikes out swinging
|
|
Batting: LHB Rich Matthews
|
0-0: 2-RUN HOME RUN (Flyball, 7D, EV 95.0 MPH), Distance : 376 ft
|
|
Pitching: RHP Harold Price
|
|
|
Batting: RHB John Downing
|
0-0: Foul Ball, location: 2F 0-1: Swinging Strike 0-2: Ball 1-2: Strikes out swinging
|
| Bottom of the 9th over - 2 runs, 2 hits, 0 errors, 0 left on base; Great Falls 10 - Princeton 8 |
|